 Dungeon Crawl Stone Soup version 0.30.0-29-ga12c61a403 (webtiles) character file.

Game seed: 5716864161253546171

3755 Irreverend the Trooper (level 9, -4/73 HPs)
             Began as a Demonspawn Fighter on June 5, 2023.
             Was a Believer of Okawaru.
             Slain by a scorpion (5 damage)
             ... summoned by Amaemon
             ... on level 8 of the Dungeon.
             The game lasted 00:11:46 (5539 turns).

Irreverend the Trooper (Demonspawn Fighter)         Turns: 5539, Time: 00:11:47

Health: -4/73      AC: 13    Str: 18    XL:     9   Next: 94%
Magic:  8/9        EV: 14    Int:  9    God:    Okawaru [**....]
Gold:   316        SH:  0    Dex: 18    Spells: 8/8 levels left

rFire   . . .        K - +1 scimitar (venom)
rCold   . . .        (no shield)
rNeg    . . .        v - +0 plate armour
rPois   .            (no helmet)
rElec   .            (no cloak)
rCorr   .            (gloves unavailable)
SInv    .            (no boots)
Will    .....        J - amulet of Vunaut {Acrobat Dex+2} Stlth
                     r - +5 ring of evasion
HPRegen 0.32/turn    (no ring)
MPRegen 0.11/turn

%: acrobat
@: lethally poisoned (-4 -> -14), slowed, very slow
A: powered by death 1, sturdy frame 1, demonic touch 3
a: Renounce Religion, Heroism


You were on level 8 of the Dungeon.
You worshipped Okawaru.
Okawaru was pleased with you.
You visited 2 branches of the dungeon, and saw 9 of its levels.

You collected 435 gold pieces.
You spent 119 gold pieces at shops.

Inventory:

Hand Weapons
 a - a +0 long sword
 K - a +1 scimitar of venom (weapon)
Missiles
 L - a throwing net (quivered)
Armour
 b - a +0 scale mail
 c - a +0 buckler
 j - a +0 chain mail
 v - a +0 plate armour (worn)
 w - a +0 leather armour
Jewellery
 g - an amulet of regeneration
 r - a +5 ring of evasion (left hand)
 J - the amulet of Vunaut (around neck) {Acrobat Dex+2}
   (You found it on level 7 of the Dungeon)

   [amulet of the acrobat]

   It increases your evasion while moving and waiting.
   Dex:       It affects your dexterity (+2).
Wands
 p - a wand of paralysis (3)
 C - a wand of acid (8)
 I - a wand of flame (29)
Scrolls
 h - 2 scrolls of poison {unknown}
 i - a scroll of blinking {unknown}
 k - 2 scrolls of torment {unknown}
 n - 2 scrolls of silence {unknown}
 o - a scroll of enchant weapon {unknown}
 q - 3 scrolls of identify {unknown}
 s - 3 scrolls of fog {unknown}
 t - a scroll of amnesia {unknown}
 y - 4 scrolls of teleportation {unknown}
 B - 3 scrolls of immolation {unknown}
 G - a scroll of magic mapping {unknown}
 H - a scroll of vulnerability {unknown}
Potions
 d - 2 potions of might
 e - a potion of ambrosia {unknown}
 f - a potion of heal wounds {unknown}
 l - 4 potions of brilliance {unknown}
 m - 2 potions of haste {unknown}
 u - a potion of degeneration {unknown}
 x - 2 potions of berserk rage {unknown}
 z - a potion of flight {unknown}
 A - a potion of cancellation {unknown}
 D - a potion of curing {unknown}
 E - 2 potions of lignification {unknown}
 F - a potion of magic {unknown}


   Skills:
 + Level 7.7 Fighting
 + Level 5.4(5.6) Short Blades
 - Level 2.1(4.0) Long Blades
 + Level 7.0 Armour
 + Level 4.8 Dodging
 - Level 5.0 Shields
 - Level 3.0 Unarmed Combat


You had 8 spell levels left.
You didn't know any spells.
Your spell library contained the following spells:

 Spells                   Type           Power      Damage    Failure   Level
 Necrotise                Necr           0%         1d4       99%         1
 Blink                    Tloc           0%         N/A       100%        2
 Ensorcelled Hibernation  Hex/Ice        0%         N/A       100%        2
 Lesser Beckoning         Tloc           0%         N/A       100%        2
 Momentum Strike          Conj/Tloc      0%         3d8       100%        2
 Gell's Gravitas          Tloc           0%         N/A       100%        3
 Spider Form              Tmut/Pois      0%         N/A       100%        3
 Teleport Other           Tloc           0%         N/A       100%        3
 Vampiric Draining        Necr           0%         2d6       100%        3
 Anguish                  Hex/Necr       0%         N/A       100%        4
 Agony                    Necr           0%         N/A       100%        5


Dungeon Overview and Level Annotations

Branches:
Dungeon (8/15)             Temple (1/1) D:6
   Lair: D:8-11

Altars:
Ashenzari
Cheibriados
Dithmenos
Fedhas
Gozag
Hepliaklqana
Kikubaaqudgha
Makhleb
Nemelex Xobeh
Okawaru
Qazlal
Ru
Sif Muna
Trog
Uskayaw
Vehumet
Wu Jian
Yredelemnul

Shops:
D:2 ?*

Annotations:
D:4 2 transporters, Wentworth's ghost, amateur MiFi
D:6 2 transporters, Runnerthe2's ghost, novice MiCK
D:8 Amaemon


Innate Abilities, Weirdness & Mutations

You regenerate a little health from kills.
Your movements are slightly less encumbered by armour. (ER -2)
Your touch may irresistibly damage your foes and sap their willpower.


Message History

The orange demon misses you. Amaemon barely misses you. Amaemon misses you.
Amaemon completely misses you. The scorpion closely misses you.
You closely miss Amaemon.
Amaemon is moderately wounded.
You feel sick. The orange demon stings you from afar.
You are more poisoned.
You have difficulty breathing.
You feel yourself slow down.
Amaemon hits you with a +0 demon whip of venom!
You are more poisoned.
Amaemon claws you.
Amaemon tail-slaps you but does no damage.
The scorpion stings you.
You slash Amaemon!
Amaemon looks as sick as possible!
You touch Amaemon!
You sap his willpower!
Amaemon is severely wounded.
* * * LOW HITPOINT WARNING * * *
You feel extremely sick. The scorpion stings you.
* * * LOW HITPOINT WARNING * * *
The orange demon barely misses you.
Amaemon's tail lashes.
Amaemon casts a spell.
The scorpion barely misses you. Amaemon barely misses you. Amaemon misses you.
Amaemon tail-slaps you but does no damage.
The orange demon misses you.
You barely miss Amaemon. Your touch misses Amaemon.
Amaemon is severely wounded.
* * * LOW HITPOINT WARNING * * *
You feel extremely sick.
The scorpion stings you but does no damage.
The orange demon misses you. Amaemon misses you. Amaemon closely misses you. x2
The scorpion misses you. The scorpion completely misses you.
You slash Amaemon!
Amaemon looks as sick as possible!
Your touch misses Amaemon.
Amaemon is almost dead.
You feel like a meek peon again.
* * * LOW HITPOINT WARNING * * *
You feel very sick. The scorpion stings you.
You die...

...# ###.#..##.##..
...###............#
#........#.....####
#..#.######.#.(# ##..†#
#.#..# .# #....# ##.##.##
..# #.#...# ##..##..#
#####.$##
......###..###.s####........
##........## #.s@64s........
..#.......###.####s........
#[###...#...##.# #†........
# #...#.#.##.# ##..!.....4 .
#####.#....###.s........ ..
#.####.....#<....... #.#
#)##..#.$...... #.#
#.##..#........ #.#
#.......#######


You could see Amaemon (extremely poisoned, weak-willed), an orange demon
(curare) and 4 scorpions.

Vanquished Creatures
  A two-headed ogre (D:8)
  Pikel (D:5)
  A troll (D:7)
  A wyvern (D:8)
  2 water moccasins
  An orc warrior (D:7)
  3 black bears
  2 ice beasts
  An ogre (D:7)
  A sky beast (D:8)
  2 kobold brigands (D:7)
  A bullfrog (D:7)
  3 scorpions
  3 killer bees (D:8)
  2 howler monkeys (D:8)
  3 orc priests
  5 hounds
  2 gnoll boudas
  2 jellies
  A sleepcap (D:7)
  6 orc wizards
  8 gnolls
  8 adders
  A shadow imp (D:8)
  4 ufetubi
  2 worms
  A dart slug (D:1)
  30 orcs
  8 endoplasms
  2 giant cockroaches
  6 hobgoblins
  9 jackals
  10 kobolds
  6 quokkas
  3 ball pythons
  2 bats (D:3)
  6 frilled lizards
  7 goblins
  5 rats
162 creatures vanquished.

Notes
Turn   | Place    | Note
-------+----------+-------------------------------------------
     0 | D:1      | Irreverend the Demonspawn Fighter began the quest for the
                  | Orb.
     0 | D:1      | Reached XP level 1. HP: 18/18 MP: 1/1
   261 | D:1      | Gained mutation: Your touch may inflict minor irresistible
                  | damage on your foes. [demonic ancestry]
   261 | D:1      | Reached XP level 2. HP: 22/24 MP: 2/2
   702 | D:2      | Reached XP level 3. HP: 29/29 MP: 3/3
   877 | D:2      | Found Xialam's Assorted Antiques.
   985 | D:2      | Reached skill level 1 in Unarmed Combat
  1204 | D:2      | Found Uquech's Magic Scroll Emporium.
  1619 | D:3      | Gained mutation: Your touch may inflict irresistible damage
                  | on your foes. [demonic ancestry]
  1619 | D:3      | Reached XP level 4. HP: 32/35 MP: 4/4
  1887 | D:4      | Noticed a black bear
  1895 | D:4      | Killed a black bear
  1896 | D:4      | Gained mutation: Your movements are slightly less
                  | encumbered by armour. (ER -2) [demonic ancestry]
  1896 | D:4      | Reached XP level 5. HP: 42/42 MP: 5/5
  1943 | D:4      | Found a basalt altar of Yredelemnul.
  1943 | D:4      | Found a sparkling altar of Nemelex Xobeh.
  2135 | D:4      | Found a transporter.
  2220 | D:4      | Found a transporter.
  2224 | D:4      | Noticed Wentworth's ghost (amateur MiFi)
  2502 | D:4      | Noticed an ogre
  2515 | D:5      | Entered Level 5 of the Dungeon
  2559 | D:5      | Gained mutation: You regenerate a little health from kills.
                  | [demonic ancestry]
  2559 | D:5      | Reached XP level 6. HP: 31/48 MP: 6/6
  2608 | D:5      | Noticed an ice beast
  2616 | D:5      | Killed an ice beast
  2617 | D:5      | Reached XP level 7. HP: 41/55 MP: 7/7
  2690 | D:5      | Noticed Pikel
  2704 | D:5      | Killed Pikel
  2705 | D:5      | Reached skill level 5 in Fighting
  2705 | D:5      | Reached skill level 5 in Shields
  2705 | D:5      | Reached XP level 8. HP: 44/63 MP: 8/8
  2754 | D:5      | Reached skill level 5 in Armour
  2808 | D:5      | Reached skill level 1 in Dodging
  3379 | D:6      | Found a transporter.
  3379 | D:6      | Noticed Runnerthe2's ghost (novice MiCK)
  3379 | D:6      | Noticed a slime creature
  3383 | D:6      | Found a transporter.
  3539 | D:6      | Found a staircase to the Ecumenical Temple.
  3645 | Temple   | Entered the Ecumenical Temple
  3714 | Temple   | Became a worshipper of Warmaster Okawaru
  4413 | D:7      | Gained mutation: Your touch may irresistibly damage your
                  | foes and sap their willpower. [demonic ancestry]
  4413 | D:7      | Reached XP level 9. HP: 70/71 MP: 9/9
  4417 | D:7      | Reached * piety under Okawaru
  4520 | D:7      | Noticed a troll
  4528 | D:7      | Killed a troll
  4567 | D:7      | Identified the amulet of Vunaut {Acrobat Dex+2}
  4989 | D:2      | Bought a runed scimitar for 119 gold pieces
  5240 | D:8      | Reached ** piety under Okawaru
  5479 | D:8      | Noticed a two-headed ogre
  5484 | D:8      | Killed a two-headed ogre
  5485 | D:8      | Reached skill level 5 in Short Blades
  5519 | D:8      | Noticed Amaemon
  5519 | D:8      | Noticed an orange demon
  5539 | D:8      | HP: 1/73 [poisoned by Amaemon]
  5539 | D:8      | Slain by a scorpion

Illustrated notes

Levels and vault maps discovered:
D:1:      dpeg_chamrin_arrival_tetris, layout_basic
D:2:      layout_basic, serial_shops, nicolae_shop_tiny_statue_garden, shop
D:3:      layout_rooms, solitary_fountain, minmay_close_crescents
D:4:      layout_loops_cross, jmf_multi_god_temple, gammafunk_ghost_smash
D:5:      layout_loops_cross, uniq_pikel
D:6:      layout_basic, minmay_temple_entry_ruins, gammafunk_ghost_arena,
          kennysheep_decorative_pillar, hangedman_decor_slide_cut
D:7:      layout_basic
D:8:      layout_rooms, uniq_joseph, uniq_amaemon
Temple:   hellmonk_temple_of_storms

Skill      XL: |  1  2  3  4  5  6  7  8  9 |
---------------+----------------------------+-----
Long Blades    | 2 |  2.1
Shields        | 3 4 5 |  5.0
Armour         | 3 4 6 7 |  7.0
Unarmed Combat | 1 2 3 |  3.0
Fighting       | 4 5 6 7 |  7.7
Short Blades   | 2 3 5 |  5.4
Dodging        | 3 4 |  4.8

Action                     |  1- 3 |  4- 6 |  7- 9 || total
---------------------------+-------+-------+-------++-------
  Melee: Long sword        |    98 |   110 |   231 ||   439
         Touch             |     9 |    19 |    51 ||    79
         Punch             |       |     1 |     6 ||     7
         Scimitar          |       |       |    56 ||    56
 Invoke: Heroism           |       |       |     2 ||     2
  Evoke: Wand              |       |     2 |       ||     2
    Use: Potion            |       |     2 |     1 ||     3
   Stab: Paralysed         |       |     2 |       ||     2
 Armour: Scale mail        |    50 |       |       ||    50
         Chain mail        |    15 |       |       ||    15
         Leather armour    |       |     3 |       ||     3
         Plate armour      |       |    55 |   154 ||   209
  Dodge: Dodged            |    66 |    98 |   266 ||   430
  Block: Buckler           |     9 |       |       ||     9
